 Dungeon Crawl Stone Soup version 0.26.1-11-gd32895ea62 (webtiles) character file.

Game seed: 10257449913442746133

26996 Amplified the Frost Mage (level 13, -18/108 HPs)
             Began as a Barachi Ice Elementalist on July 5, 2021.
             Was an Elder of Makhleb.
             Demolished by an Executioner (20 damage)
             ... summoned by the player character
             ... on level 2 of the Lair of Beasts.
             The game lasted 00:33:41 (18370 turns).

Amplified the Frost Mage (BaIE)                    Turns: 18370, Time: 00:33:42

Health: -18/108    AC: 12    Str:  8    XL:     13   Next: 29%
Magic:  27/27      EV: 12    Int: 20    God:    Makhleb [****..]
Gold:   679        SH:  5    Dex: 17    Spells: 17/33 levels left

rFire    . . .     SeeInvis .   a - +2 demon trident (pain)
rCold    . . .     Faith    .   (no shield)
rNeg     . . .     Spirit   .   D - +1 leather armour of Bedevilment {Will++}
rPois    .         Reflect  +   s - +0 helmet
rElec    +         Harm     .   I - +2 cloak
rCorr    .         Rampage  .   c - +2 pair of gloves
Will     ++++.                  J - +0 pair of boots of Disguise {rElec Str-2 Dex+4 Stlth+}
Stlth    +++.......             F - amulet of reflection
HPRegen  0.28/turn              b - ring of willpower
MPRegen  0.20/turn              y - ring of willpower

@: mighty, about to teleport, can't hop, flying, hasted, studying Unarmed
Combat, very quick
A: +LOS, swims, slowness 1, strong legs 2
a: Hop, Renounce Religion, Minor Destruction, Lesser Servant of Makhleb, Major
Destruction


You were on level 2 of the Lair of Beasts.
You worshipped Makhleb.
Makhleb was greatly pleased with you.
You visited 3 branches of the dungeon, and saw 15 of its levels.
You also visited: Ossuary.

You collected 1365 gold pieces.
You spent 686 gold pieces at shops.

Inventory:

Hand Weapons
 a - a +2 demon trident of pain (weapon)
 h - a +0 hunting sling of venom
 l - a +2 spear of flaming
 m - the +1 spear of Tomorrow {flame, rF+++ Will+++ Dex-3}
   (You took it off a spriggan on level 8 of the Dungeon)

   It has been specially enchanted to burn those struck by it, causing extra
   injury to most foes and up to half again as much damage against particularly
   susceptible opponents.
   It affects your dexterity (-3).
   It renders you almost immune to fire.
   It affects your willpower, your defense against some magical effects.
 r - a +1 war axe of electrocution
Missiles
 f - a throwing net
 i - 106 sling bullets
 q - 104 poisoned darts
Armour
 c - a +2 pair of gloves (worn)
 s - a +0 helmet (worn)
 D - the +1 leather armour of Bedevilment (worn) {Will++}
   (You bought it in a shop on level 8 of the Dungeon)

   It affects your willpower, your defense against some magical effects.
 I - a +2 cloak (worn)
 J - the +0 pair of boots of Disguise (worn) {rElec Str-2 Dex+4 Stlth+}
   (You found it on level 11 of the Dungeon)

   It affects your strength (-2).
   It affects your dexterity (+4).
   It insulates you from electricity.
   It makes you more stealthy.
Jewellery
 b - a ring of willpower (left hand)
 y - a ring of willpower (right hand)
 F - an amulet of reflection (around neck)
 H - an uncursed ring of fire
Wands
 e - a wand of iceblast (8)
 o - a wand of random effects (36)
 t - a wand of flame (2)
Scrolls
 g - 4 scrolls of fog
 j - a scroll of teleportation
 x - a scroll of magic mapping
 C - 3 scrolls of remove curse
 G - 2 scrolls of amnesia
 L - a scroll of identify
Potions
 d - 5 potions of haste
 k - 2 potions of ambrosia
 p - 5 potions of brilliance
 u - 2 potions of attraction
 v - a potion of flight
 w - 2 potions of mutation
 z - 2 potions of magic
 A - 2 potions of lignification
 N - a potion of curing
Books
 B - a manual of Unarmed Combat
Miscellaneous
 K - a phantom mirror (inert)


   Skills:
 * Level 12.2 Fighting
 + Level 7.5 Polearms
 - Level 2.5 Dodging
 - Level 1.7 Stealth
 * Level 10.7 Spellcasting
 - Level 8.5 Hexes
 * Level 13.0 Ice Magic
 + Level 7.6 Evocations


You had 17 spell levels left.
You knew the following spells:

 Your Spells              Type           Power        Failure   Level
a - Freeze                Ice            100%         1%          1
b - Frozen Ramparts       Ice            100%         1%          3
c - Ozocubu's Armour      Ice            58%          1%          3
d - Metabolic Englaciati  Hex/Ice        26%          3%          5
e - Summon Ice Beast      Ice/Summ       36%          6%          4

Your spell library contained the following spells:

 Spells                   Type           Power        Failure   Level
 Confusing Touch          Hex            44%          1%          3
 Hailstorm                Conj/Ice       36%          6%          4
 Sandblast                Erth           20%          10%         1
 Passwall                 Tmut/Erth      8%           14%         2
 Gell's Gravitas          Tloc           5%           28%         3
 Stone Arrow              Conj/Erth      20%          28%         3
 Yara's Violent Unravell  Hex/Tmut       13%          41%         5
 Petrify                  Tmut/Erth      10%          67%         4
 Lee's Rapid Deconstruct  Erth           5%           95%         5


Dungeon Overview and Level Annotations

Branches:
Dungeon (12/15)            Temple (1/1) D:4            Lair (1/6) D:11
    Orc (0/2) D:12        Ossuary (visited)

Altars:
Ashenzari
Cheibriados
Dithmenos
Elyvilon
Fedhas
Gozag
Hepliaklqana
Kikubaaqudgha
Makhleb
Nemelex Xobeh
Okawaru
Qazlal
Ru
Sif Muna
Trog
Uskayaw
Vehumet
Wu Jian
Xom
Yredelemnul
Zin
The Shining One

Shops:
D:4 :   D:6 [*   D:8 [   D:12 ?

Annotations:
D:8 1 runed translucent door


Innate Abilities, Weirdness & Mutations

You can be seen from farther away. (+LOS)
You can swim through water.
You cover ground slowly.
You can hop long distances.


Message History

Your komodo dragon bites the komodo dragon.
The komodo dragon bites your komodo dragon!!
Unknown command.
Unknown command.
Okay, then.
The Executioner completely misses you. The Executioner misses you.
The Executioner hits you but does no damage.
Unknown command.
Unknown command.
Okay, then.
You block the Executioner's attack. The Executioner hits you.
* * * LOW HITPOINT WARNING * * *
The Executioner misses you.
The Executioner hits you but does no damage.
The Executioner hits you.
* * * LOW HITPOINT WARNING * * *
The Executioner hits you.
* * * LOW HITPOINT WARNING * * *
The Executioner hits you!!
You die...

....#[ .## .# .##.... .. ..
.P.....# .. . ........$.......).#
#.#...........#.#.#
#.#.....≈≈≈≈≈.#..# #
##.....≈≈≈≈≈≈≈.# .P #
#.....≈≈≈≈≈≈≈≈1#.## .
#####.P.≈≈≈≈≈≈≈≈@ll..# #.
.#.#....≈≈≈≈≈≈≈≈≈..#..... .
#§)......≈≈≈≈.≈≈.#..######. #
....#..#..≈≈.>.≈.#..P##...######.
.P........≈......##..............
.#...###?###....####.P#..........
.#..## ## ##...# ####.....###.
.#..### #...## #....### ......#
#..P# ##.†.##


You could see an Executioner (summoned, fast), a komodo dragon and a friendly
komodo dragon (summoned, drained).

Vanquished Creatures
  Josephine (D:11)
  2 hydras
  2 boulder beetles (D:12)
  2 two-headed ogres
  The ghost of Acheron the Cutter, a novice PaAK of Lugonu (D:8)
  An unseen horror (D:10)
  A phantasmal warrior (D:11)
  An ugly thing (D:11)
  A manticore (D:11)
  Maurice (D:11)
  A cyclops (D:12)
  2 centaur zombies
  An elephant (D:11)
  4 cane toads
  7 orange demons (D:11)
  2 komodo dragons
  A freezing wraith (D:11)
  3 centaur skeletons
  2 tengu conjurers (D:12)
  3 trolls
  A hornet (D:11)
  Grinder (D:6)
  Prince Ribbit (D:8)
  A merfolk (D:9)
  2 red devils (D:11)
  3 spriggans (D:8)
  A wyvern (Lair:2)
  9 wraiths
  6 yaks
  3 vampire mosquitoes (D:11)
  3 basilisks
  Grum (D:11)
  Menkaure (D:7)
  3 water moccasins
  Duvessa (D:7)
  3 ice beasts
  4 orc warriors
  2 black bears
  2 phantoms (D:7)
  4 sky beasts
  3 wolves (D:11)
  3 ogres
  11 centaurs
  2 big kobolds (D:8)
  8 bullfrogs
  5 scorpions
  Dowan (D:7)
  11 killer bees
  13 wights
  Crazy Yiuf (D:6)
  2 jellies
  4 hounds
  7 orc priests
  2 bullfrog skeletons
  10 orc wizards
  A human skeleton (D:8)
  Jessica (D:3)
  5 iguanas
  11 worker ants
  A hound skeleton (D:5)
  8 mummies (Ossuary)
  4 worker ant zombies
  2 river rats (D:3)
  20 adders
  4 white imps
  An ufetubus (D:8)
  3 adder skeletons
  2 worms
  2 dart slugs
  4 leopard geckos
  55 orcs
  A ball python (D:1)
  5 giant cockroaches
  7 goblins
  10 hobgoblins
  15 jackals
  15 kobolds
  4 quokkas
  7 bats
  4 frilled lizards
  A gnoll zombie (Ossuary)
  4 hobgoblin zombies (Ossuary)
  A jackal skeleton (D:8)
  A kobold zombie (Ossuary)
  2 orc zombies (Ossuary)
  2 quokka skeletons
  7 rats
384 creatures vanquished.

Vanquished Creatures (collateral kills)
  A death knight (D:11)
1 creature vanquished.

Vanquished Creatures (others)
  7 fungi
  9 plants
16 creatures vanquished.

Grand Total: 401 creatures vanquished

Notes
Turn   | Place    | Note
-------+----------+-------------------------------------------
     0 | D:1      | Amplified the Barachi Ice Elementalist began the quest for
                  | the Orb.
     0 | D:1      | Reached XP level 1. HP: 13/13 MP: 3/3
   264 | D:1      | Reached XP level 2. HP: 18/20 MP: 5/5
   266 | D:1      | Reached skill level 5 in Ice Magic
   396 | D:1      | Reached skill level 1 in Fighting
   733 | D:1      | Reached XP level 3. HP: 24/26 MP: 6/6
  1061 | D:1      | Learned a level 3 spell: Frozen Ramparts
  1065 | D:1      | Learned a level 3 spell: Ozocubu's Armour
  1253 | D:2      | Found a snail-covered altar of Cheibriados.
  1319 | D:2      | Reached skill level 1 in Polearms
  1371 | D:2      | Found a glowing silver altar of Zin.
  1455 | D:2      | Reached XP level 4. HP: 33/33 MP: 8/8
  1685 | D:2      | Found a sacrificial altar of Ru.
  1711 | D:3      | Reached XP level 5. HP: 39/39 MP: 9/9
  2005 | D:3      | Noticed Jessica
  2010 | D:3      | Killed Jessica
  2323 | D:3      | Found a hide-covered altar of Uskayaw.
  2375 | D:3      | Found a glowing drain.
  2380 | D:3      | Reached XP level 6. HP: 47/47 MP: 11/11
  2491 | D:3      | Reached skill level 6 in Ice Magic
  2774 | D:3      | Learned a level 5 spell: Metabolic Englaciation
  3015 | D:4      | Found a radiant altar of Vehumet.
  3046 | D:4      | Found a sand-covered staircase.
  3230 | D:4      | Reached skill level 1 in Hexes
  3252 | Ossuary  | Entered an ossuary
  3643 | Ossuary  | Reached XP level 7. HP: 34/53 MP: 13/13
  4108 | D:4      | Found Papteg's Book Shoppe.
  4163 | D:4      | Found a staircase to the Ecumenical Temple.
  4183 | D:4      | Found a glowing golden altar of the Shining One.
  4192 | Temple   | Entered the Ecumenical Temple
  4449 | Temple   | Became a worshipper of Makhleb the Destroyer
  4820 | D:5      | Entered Level 5 of the Dungeon
  5020 | D:5      | Reached skill level 1 in Evocations
  5271 | D:5      | Reached XP level 8. HP: 33/61 MP: 14/14
  5292 | D:5      | Reached skill level 7 in Ice Magic
  5477 | D:5      | Found a shimmering blue altar of Sif Muna.
  5503 | D:5      | Found an iron altar of Okawaru.
  5831 | D:5      | Reached skill level 5 in Fighting
  6334 | D:5      | Found a sparkling altar of Nemelex Xobeh.
  6881 | D:5      | Learned a level 4 spell: Summon Ice Beast
  6940 | D:5      | Reached skill level 5 in Spellcasting
  7024 | D:6      | Reached * piety under Makhleb
  7090 | D:6      | Noticed Grinder
  7114 | D:6      | Killed Grinder
  7157 | D:6      | Found Goicuiq's Armour Shoppe.
  7160 | D:6      | Bought a +0 helmet for 58 gold pieces
  7261 | D:6      | Noticed a wraith
  7267 | D:6      | Reached XP level 9. HP: 52/69 MP: 17/17
  7287 | D:6      | Reached skill level 8 in Ice Magic
  7333 | D:6      | Found Ycihi's General Store.
  7410 | D:6      | Found a runed translucent door.
  7411 | D:6      | Noticed Crazy Yiuf
  7830 | D:6      | Killed Crazy Yiuf
  7901 | D:7      | Found a shimmering altar of Xom.
  8244 | D:7      | Reached skill level 5 in Hexes
  8344 | D:7      | Noticed Duvessa
  8415 | D:7      | Noticed Menkaure
  8426 | D:7      | Killed Menkaure
  8787 | D:7      | Noticed Dowan
  8801 | D:7      | Killed Dowan
  8801 | D:7      | Reached ** piety under Makhleb
  8849 | D:7      | Killed Duvessa
  9183 | D:8      | Noticed a two-headed ogre
  9534 | D:8      | Reached skill level 9 in Ice Magic
  9534 | D:8      | Reached XP level 10. HP: 67/79 MP: 19/19
  9777 | D:8      | Found Xoylutz's Armour Shop.
  9791 | D:8      | Killed a two-headed ogre
  9794 | D:8      | Bought the cursed +1 leather armour of Bedevilment {Will++}
                  | for 271 gold pieces
  9846 | D:8      | Found a runed translucent door.
  9846 | D:8      | Noticed Acheron's ghost (novice PaAK)
  9846 | D:8      | Identified the +1 spear of Tomorrow {flame, rF+++ Will+++
                  | Dex-3}
 10239 | D:8      | Noticed Prince Ribbit
 10245 | D:8      | Killed Prince Ribbit
 10470 | D:8      | Found a blossoming altar of Fedhas.
 10493 | D:8      | Found a runed translucent door.
 10498 | D:8      | Found a basalt altar of Yredelemnul.
 10661 | D:9      | Reached *** piety under Makhleb
 10725 | D:9      | Found an iron altar of Okawaru.
 10855 | D:9      | Noticed a two-headed ogre
 10863 | D:9      | Reached skill level 5 in Polearms
 10868 | D:9      | Killed a two-headed ogre
 11152 | D:9      | Found an opulent altar of Gozag.
 11247 | D:9      | Reached skill level 10 in Ice Magic
 11311 | D:9      | Found a white marble altar of Elyvilon.
 11401 | D:9      | Reached skill level 5 in Evocations
 11401 | D:9      | Reached XP level 11. HP: 54/87 MP: 19/22
 12225 | D:10     | Entered Level 10 of the Dungeon
 12277 | D:10     | Got a translucent buckler
 12287 | D:10     | Identified the cursed +0 buckler "Vutriwn" {rPois Regen+
                  | Str-2 Int-4} (You found it on level 10 of the Dungeon)
 12473 | D:10     | Killed an unseen horror
 12768 | D:10     | Reached **** piety under Makhleb
 13274 | D:11     | Got a pair of twisted boots
 13280 | D:11     | Identified the +0 pair of boots of Disguise {rElec Str-2
                  | Dex+4 Stlth+} (You found it on level 11 of the Dungeon)
 13492 | D:11     | Found a staircase to the Lair.
 13526 | D:11     | Paralysed by a hornet for 2 turns
 13576 | D:11     | Noticed Josephine
 13585 | D:11     | Killed Josephine
 13733 | D:11     | Noticed a phantasmal warrior
 13736 | D:11     | Noticed a green ugly thing
 13738 | D:11     | Noticed a death knight
 14073 | D:11     | Noticed a manticore
 14091 | D:11     | Killed a manticore
 14092 | D:11     | Reached skill level 10 in Fighting
 14092 | D:11     | Reached skill level 11 in Ice Magic
 14251 | D:11     | Noticed Grum
 14257 | D:11     | Killed Grum
 14290 | D:11     | Noticed Maurice
 14323 | D:11     | Killed Maurice
 14445 | D:11     | Killed a green ugly thing
 14446 | D:11     | Reached XP level 12. HP: 70/98 MP: 19/25
 14520 | D:11     | HP: 1/98 [phantasmal warrior[a death knight] (30)]
 14556 | D:11     | Killed a death knight
 14796 | D:11     | Noticed an eight-headed hydra
 14870 | D:11     | Killed an eight-headed hydra
 15013 | D:11     | Reached skill level 12 in Ice Magic
 15789 | D:12     | Found Hytonul's Magic Scroll Shoppe.
 15795 | D:12     | Bought a scroll of fog for 28 gold pieces
 15795 | D:12     | Bought a scroll of fog for 28 gold pieces
 15795 | D:12     | Bought a scroll of teleportation for 42 gold pieces
 15795 | D:12     | Bought a scroll of blinking for 105 gold pieces
 15795 | D:12     | Bought a scroll of magic mapping for 49 gold pieces
 15795 | D:12     | Bought a scroll of enchant armour for 105 gold pieces
 15812 | D:12     | Noticed a boulder beetle
 15831 | D:12     | Killed a boulder beetle
 15832 | D:12     | Reached skill level 10 in Spellcasting
 16324 | D:12     | Found a staircase to the Orcish Mines.
 16454 | D:12     | Noticed a boulder beetle
 16457 | D:12     | Noticed a five-headed hydra
 16472 | D:12     | Killed a boulder beetle
 16514 | D:12     | Killed a five-headed hydra
 16745 | D:12     | Gained mutation: You can hop long distances. [Barachi
                  | growth]
 16745 | D:12     | Reached XP level 13. HP: 107/107 MP: 23/27
 17143 | D:8      | Killed Acheron's ghost
 17286 | Lair:1   | Entered Level 1 of the Lair of Beasts
 18109 | Lair:1   | Reached skill level 13 in Ice Magic
 18170 | Lair:1   | You fall into a shaft and drop 1 floor!
 18296 | Lair:2   | Reached ***** piety under Makhleb
 18359 | Lair:2   | Noticed an Executioner
 18369 | Lair:2   | HP: 2/108 [Executioner[the player character] (5)]
 18370 | Lair:2   | Demolished by an Executioner

Illustrated notes

Levels and vault maps discovered:
D:1:      giann_wishing_wells, layout_basic
D:2:      layout_rooms, marbit_many_paths, zin_statuary, cheibriados_altar_1
D:3:      minmay_wonky_spiral, layout_loops_ring, overflow_temple_1_default,
          gup_sewer_entry_bubbles, uniq_jessica
D:4:      layout_basic, vehumet_altar_wand_db, tso_metal_star,
          minmay_temple_entry_trees, serial_shops, kennysheep_mini_moat,
          enter_ossuary_1, kennysheep_generic_room_11
D:5:      layout_layer_cave, nicolae_overflow_crystal_walls,
          kennysheep_little_box, kennysheep_okawaru_gauntlet
D:6:      layout_basic, serial_shops, kennysheep_mini, nicolae_shop_trees,
          minmay_manual_mess, uniq_grinder, uniq_crazy_yiuf_cottage
D:7:      layout_basic, lemuel_crystal_altar, uniq_menkaure, uniq_duvessa
D:8:      layout_loops_ring, general_overflow_altar,
          ebering_ghost_funeral_grove, serial_shops, nicolae_shop_behind_doors,
          dk_yredelemnul_ordeal, uniq_prince_ribbit1
D:9:      layout_basic, lemuel_crystal_altar, elyvilon_altar_5,
          grunt_gozag_breadcrumbs, hangedman_fish_farm
D:10:     layout_layer_cave
D:11:     layout_basic, david_lair_generic, minmay_beelzebubs_servants,
          uniq_grum, uniq_josephine, uniq_maurice
D:12:     layout_loops_ring, orc_0_dummy, serial_shops, shop_fountains,
          minivault_26
Temple:   jpeg_temple_island
Lair:1:   layout_chaotic_city, st_stairs_5
Lair:2:   layout_loops_ring, elwin_shoals_entry_stream,
          infiniplex_staircase_pool

Skill      XL: |  1  2  3  4  5  6  7  8  9 10 11 12 13 |
---------------+----------------------------------------+-----
Ice Magic      | 5 6 7 9 10 11 12 13 | 13.0
Fighting       | 1 2 3 4 6 7 8 10 11 12 | 12.2
Polearms       | 1 2 3 4 5 6 7 |  7.5
Spellcasting   | 3 4 5 6 7 9 10 | 10.7
Hexes          | 1 2 4 5 7 8 |  8.5
Evocations     | 1 2 3 5 6 7 |  7.6
Dodging        | |  2.5
Stealth        | |  1.7

Action                   |  1- 3 |  4- 6 |  7- 9 | 10-12 | 13-15 || total
-------------------------+-------+-------+-------+-------+-------++-------
Melee: Unarmed           |     5 |       |       |       |       ||     5
       Spear             |    38 |   143 |   324 |   546 |       ||  1051
       Demon trident     |       |       |       |   104 |   120 ||   224
 Fire: Hunting sling     |     1 |       |       |       |       ||     1
 Cast: Freeze            |    20 |     8 |     1 |     6 |       ||    35
       Frozen Ramparts   |     1 |    20 |    30 |    64 |    15 ||   130
       Ozocubu's Armour  |       |     6 |    15 |    34 |     4 ||    59
       Metabolic Englaci |       |       |       |     1 |       ||     1
Invok: Lesser Servant of |       |       |       |     1 |       ||     1
       Greater Servant o |       |       |       |       |     1 ||     1
 Abil: Hop               |     1 |       |     6 |     6 |     3 ||    16
Evoke: Wand              |       |       |    21 |    18 |       ||    39
       Phantom mirror    |       |       |       |       |     1 ||     1
  Use: Scroll            |     3 |     9 |    10 |    11 |     5 ||    38
       Potion            |       |     2 |     5 |    13 |     3 ||    23
 Stab: Sleeping          |     4 |     6 |     3 |     5 |       ||    18
       Distracted        |       |       |     2 |       |       ||     2
       Paralysed         |       |       |       |    11 |       ||    11
Armor: Robe              |     4 |    20 |    82 |     6 |       ||   112
       Leather armour    |       |       |       |   178 |    44 ||   222
       Skin              |       |       |       |    26 |       ||    26
Dodge: Dodged            |    15 |    67 |   161 |   251 |    48 ||   542
Block: Other             |       |       |       |    80 |    22 ||   102
       Reflection        |       |       |       |     4 |       ||     4
